 Dungeon Crawl Stone Soup version 0.29.1-15-g9cfb28693d (webtiles) character file.

Game seed: 8352082983788969588

6217 Peloso the Carver (level 10, -2/90 HPs)
             Began as a Minotaur Fighter on Apr 29, 2023.
             Was an Elder of Okawaru.
             Slain by an orc warrior
             ... wielding a +0 glaive
              (7 damage)
             ... in a bailey.
             The game lasted 00:16:38 (10059 turns).

Peloso the Carver (Minotaur Fighter)               Turns: 10059, Time: 00:16:39

Health: -2/90      AC: 15    Str: 23    XL:     10   Next: 61%
Magic:  9/9        EV: 10    Int:  5    God:    Okawaru [****..]
Gold:   418        SH:  6    Dex: 18    Spells: 9/9 levels left

rFire   . . .      SeeInvis .   a - +2 falchion (vorpal)
rCold   + + +      Faith    .   d - +0 buckler
rNeg    . . .      Spirit   .   c - +0 chain mail
rPois   .          Reflect  .   g - +2 hat
rElec   .          Harm     .   L - +0 cloak
rCorr   .          Rampage  .   (no gloves)
Will    +....                   (no boots)
Stlth   ..........              z - amulet "Cukhlello" {RegenMP rC++ Dex+6}
HPRegen 0.25/turn               j - ring of willpower
MPRegen 0.51/turn               x - ring of protection from cold

@: no status effects
A: horns 2, retaliatory headbutt
a: Renounce Religion, Heroism, Finesse


You were in a bailey.
You worshipped Okawaru.
Okawaru was greatly pleased with you.
You visited 2 branches of the dungeon, and saw 10 of its levels.
You also visited: Bailey.

You collected 418 gold pieces.

Inventory:

Hand Weapons
 a - a +2 vorpal falchion (weapon)
 b - a +2 whip of flaming
Armour
 c - a +0 chain mail (worn)
 d - a +0 buckler (worn)
 g - a +2 hat (worn)
 L - a +0 cloak (worn)
Jewellery
 j - a ring of willpower (left hand)
 r - an amulet of faith
 x - a ring of protection from cold (right hand)
 z - the amulet "Cukhlello" (around neck) {RegenMP rC++ Dex+6}
   (You found it on level 5 of the Dungeon)

   [amulet of magic regeneration]

   It increases your rate of magic regeneration.
   Dex:       It affects your dexterity (+6).
   rC:        It greatly protects you from cold.
 I - a ring of ice
 M - an amulet of reflection
Wands
 o - a wand of acid (9)
 v - a wand of charming (10)
 A - a wand of digging (7)
 D - a wand of polymorph (3)
 J - a wand of iceblast (15)
Scrolls
 f - 2 scrolls of immolation {unknown}
 l - a scroll of amnesia
 s - 3 scrolls of silence
 u - 6 scrolls of identify
 w - a scroll of acquirement {unknown}
 y - 2 scrolls of fog {unknown}
 B - 4 scrolls of teleportation {unknown}
 C - a scroll of blinking {unknown}
 F - 2 scrolls of noise {unknown}
 G - a scroll of enchant armour {unknown}
 H - a scroll of poison {unknown}
 N - a scroll of enchant weapon {unknown}
Potions
 e - 4 potions of cancellation
 i - 4 potions of curing
 k - 2 potions of mutation
 m - 2 potions of invisibility
 n - a potion of experience {unknown}
 p - 2 potions of degeneration {unknown}
 q - 3 potions of lignification {unknown}
 t - a potion of magic
 E - 2 potions of might
 K - a potion of brilliance {unknown}


   Skills:
 + Level 8.6 Fighting
 + Level 12.5 Long Blades
 + Level 10.8 Armour
 + Level 3.7 Dodging
 + Level 1.1 Stealth
 + Level 6.7 Shields
 + Level 0.4 Invocations


You had 9 spell levels left.
You didn't know any spells.
Your spell library contained the following spells:

 Spells                   Type           Power      Damage    Failure   Level
 Freeze                   Ice            0%         1d3       98%         1
 Frozen Ramparts          Ice            0%         1d1       100%        3
 Hailstorm                Conj/Ice       0%         3d3       100%        4
 Leda's Liquefaction      Hex/Erth       0%         N/A       100%        4
 Fireball                 Conj/Fire      0%         3d3       100%        5
 Lee's Rapid Deconstruct  Erth           0%         3d5*      100%        5
 Starburst                Conj/Fire      0%         6d3       100%        6
 Statue Form              Tmut/Erth      0%         N/A       100%        6
 Ignition                 Fire           0%         3d3       100%        8


Dungeon Overview and Level Annotations

Branches:
Dungeon (9/15)             Temple (1/1) D:4          Bailey (1/1)
   Lair: D:8-11         Orc: D:9-12

Altars:
Ashenzari
Cheibriados
Dithmenos
Elyvilon
Fedhas
Gozag
Hepliaklqana
Kikubaaqudgha
Makhleb
Nemelex Xobeh
Okawaru
Qazlal
Ru
Sif Muna
Trog
Uskayaw
Vehumet
Wu Jian
Xom
Yredelemnul
Zin
The Shining One

Shops:
D:5 :   D:6 :


Innate Abilities, Weirdness & Mutations

You have a pair of horns on your head.
You reflexively headbutt those who attack you in melee.


Message History

You kill the orc!
Okawaru accepts your kill.
Unknown command.
The orc warrior hits you with a +0 glaive!
You hit the orc warrior. You headbutt the orc warrior.
The orc warrior is moderately wounded.
The orc warrior hits you with a +0 glaive!
You hit the orc warrior but do no damage.
The orc warrior is moderately wounded.
An orc warrior comes into view. It is wielding a +0 glaive.
The orc warrior misses you.
You closely miss the orc warrior.
The orc warrior is moderately wounded.
The orc warrior shouts!
You barely miss the orc warrior. Your headbutt misses the orc warrior.
The orc warrior is moderately wounded.
The orc warrior hits you but does no damage.
You hit the orc warrior.
You headbutt the orc warrior, but do no damage.
The orc warrior is heavily wounded.
You hit the orc warrior but do no damage.
The orc warrior is heavily wounded.
You block the orc warrior's attack. The orc warrior closely misses you.
You furiously retaliate!
You headbutt the orc warrior, but do no damage.
You barely miss the orc warrior. You headbutt the orc warrior.
The orc warrior is heavily wounded.
The orc warrior hits you from afar with a +0 glaive!
* * * LOW HITPOINT WARNING * * *
The orc warrior hits you with a +0 glaive.
* * * LOW HITPOINT WARNING * * *
Okay, then.
You feel much better.
The orc warrior hits you from afar with a +0 glaive!
* * * LOW HITPOINT WARNING * * *
The orc warrior hits you with a +0 glaive!!
* * * LOW HITPOINT WARNING * * *
You feel like a meek peon again.
The orc warrior hits you from afar with a +0 glaive!
You die...

# #. #..########
..8....8 .....
####''####
###...oo...####
...............
......)@...♣...
≈...#.)..#...♣♣
≈≈≈ #.)..#≈≈≈≈≈
≈≈ #.)..#≈≈≈≈≈≈
≈≈≈ #....#≈≈≈≈≈≈
≈≈≈≈#....#≈≈≈≈≈≈
....#....#....≈≈
...............≈
#.♣♣.......♣.♣..


You could see 2 orc warriors.

Vanquished Creatures
  A two-headed ogre (D:8)
  Pikel (Temple)
  A hornet (D:7)
  2 slime creatures (D:6)
  A wraith (D:9)
  A vampire (D:7)
  5 yaks (D:5)
  Duvessa (D:7)
  An acid dragon (D:9)
  A water moccasin (D:6)
  2 orc warriors
  2 ice beasts
  A black bear (D:7)
  2 ogres
  2 centaurs
  2 lemures (D:4)
  A phantom (D:5)
  4 bullfrogs
  6 kobold brigands
  A necrophage (D:7)
  Dowan (D:7)
  10 killer bees
  An electric eel (D:9)
  A howler monkey (D:7)
  5 hounds
  5 jellies (D:6)
  3 orc priests
  4 gnoll boudas
  4 iguanas
  5 orc wizards
  Terence (D:3)
  14 gnolls
  9 adders
  A shadow imp (D:5)
  3 white imps
  2 worms
  3 dart slugs (D:1)
  23 orcs
  11 endoplasms
  5 giant cockroaches
  5 goblins
  6 hobgoblins
  6 jackals (D:1)
  25 kobolds
  5 quokkas
  4 ball pythons
  9 bats
  5 frilled lizards
  2 rats
216 creatures vanquished.

Vanquished Creatures (others)
  5 fungi (D:6)
  2 plants (D:2)
  8 toadstools (D:6)
15 creatures vanquished.

Grand Total: 231 creatures vanquished

Notes
Turn   | Place    | Note
-------+----------+-------------------------------------------
     0 | D:1      | Peloso the Minotaur Fighter began the quest for the Orb.
     0 | D:1      | Reached XP level 1. HP: 19/19 MP: 0/0
   144 | D:1      | Reached XP level 2. HP: 27/27 MP: 1/1
   374 | D:1      | Reached XP level 3. HP: 33/33 MP: 2/2
   599 | D:1      | Reached skill level 3 in Long Blades
  1752 | D:2      | Reached XP level 4. HP: 37/40 MP: 3/3
  2201 | D:3      | Found a blossoming altar of Fedhas.
  2337 | D:3      | Noticed Terence
  2355 | D:3      | Killed Terence
  2486 | D:3      | Reached skill level 4 in Long Blades
  2744 | D:3      | Found a faded altar of an unknown god.
  2749 | D:3      | Found a glowing golden altar of the Shining One.
  3231 | D:4      | Found a basalt altar of Yredelemnul.
  3240 | D:4      | Found a sacrificial altar of Ru.
  3284 | D:4      | Reached XP level 5. HP: 16/47 MP: 4/4
  3697 | D:4      | Identified the +2 quarterstaff "Z" {speed, rC++}
  3783 | D:4      | Reached skill level 1 in Dodging
  3826 | D:4      | Reached skill level 5 in Armour
  3860 | D:4      | Found a staircase to the Ecumenical Temple.
  3874 | Temple   | Entered the Ecumenical Temple
  4065 | D:4      | Noticed a lemure
  4065 | D:4      | Noticed a lemure
  4079 | D:4      | Killed a lemure
  4089 | D:4      | Noticed Pikel
  4095 | D:4      | Killed a lemure
  4265 | Temple   | Killed Pikel
  4266 | Temple   | Reached skill level 5 in Fighting
  4266 | Temple   | Reached skill level 6 in Long Blades
  4266 | Temple   | Reached XP level 6. HP: 9/56 MP: 5/5
  4266 | Temple   | Reached XP level 7. HP: 9/61 MP: 6/6
  4895 | D:4      | Found an iron altar of Okawaru.
  4927 | D:4      | Became a worshipper of Warmaster Okawaru
  5111 | D:5      | Entered Level 5 of the Dungeon
  5190 | D:5      | Identified the amulet "Cukhlello" {RegenMP rC++ Dex+6}
  5213 | D:5      | Reached skill level 7 in Long Blades
  5306 | D:5      | Found Sapesuew's Self-Improvement Boutique.
  5377 | D:5      | Noticed a yak
  5377 | D:5      | Noticed a yak
  5377 | D:5      | Noticed a yak
  5378 | D:5      | Noticed a yak
  5399 | D:5      | Killed a yak
  5400 | D:5      | Reached XP level 8. HP: 66/70 MP: 7/7
  5418 | D:5      | Reached skill level 8 in Long Blades
  5426 | D:5      | Reached * piety under Okawaru
  5430 | D:5      | Reached skill level 9 in Long Blades
  5430 | D:5      | Reached skill level 5 in Shields
  6278 | D:6      | Reached ** piety under Okawaru
  6324 | D:5      | Reached XP level 9. HP: 27/78 MP: 8/8
  6626 | D:6      | Found Maacuna's Book Boutique.
  6793 | D:6      | Reached skill level 10 in Long Blades
  6942 | D:7      | Noticed Duvessa
  6942 | D:7      | Noticed Dowan
  6952 | D:7      | Killed Duvessa
  6953 | D:7      | Killed Dowan
  7081 | D:7      | Found a white marble altar of Elyvilon.
  7633 | D:7      | Reached skill level 11 in Long Blades
  7861 | D:7      | Reached *** piety under Okawaru
  8013 | D:7      | Found a bloodstained altar of Trog.
  8286 | D:7      | Reached skill level 10 in Armour
  8565 | D:6      | Reached XP level 10. HP: 77/88 MP: 9/9
  8802 | D:6      | Found a glowing silver altar of Zin.
  9045 | D:8      | Noticed a two-headed ogre
  9057 | D:8      | Killed a two-headed ogre
  9057 | D:8      | Reached **** piety under Okawaru
  9337 | D:8      | Reached skill level 12 in Long Blades
  9602 | D:8      | Found a sparkling altar of Nemelex Xobeh.
  9776 | D:9      | Reached skill level 1 in Stealth
  9870 | D:9      | Found a flagged portal.
 10015 | Bailey   | Entered a bailey
 10058 | Bailey   | HP: 4/90 [orc warrior/+0 glaive (18)]
 10059 | Bailey   | Slain by an orc warrior

Illustrated notes

Levels and vault maps discovered:
D:1:      nicolae_arrival_washed_ashore, layout_basic, minmay_distorted
D:2:      layout_basic, serial_bayou, serial_bayou_pond_e, serial_bayou_lake_a,
          serial_bayou_pond_e, serial_bayou_ford_a, grunt_ministairs_4
D:3:      layout_basic, fedhas_altar_2, nicolae_overflow_ecumenical_swirl,
          kennysheep_flooded_box, uniq_terence
D:4:      layout_basic, yredelemnul_altar_generic, hangedman_ru_absence,
          okawaru_gym_becter, minmay_temple_entry_waves,
          minmay_misc_feat_nine_boxes, minmay_misc_feat_tower, minmay_bent,
          uniq_pikel
D:5:      layout_basic, nicolae_shop_self_help
D:6:      cheibrodos_fertilizer, layout_basic, zin_statuary, serial_shops,
          shop_statue
D:7:      layout_basic, old_standard_altar, elyvilon_altar_4, uniq_duvessa
D:8:      layout_rooms, overflow_temple_1_default
D:9:      layout_basic, enter_bailey_2, due_unseen_surprise
Temple:   hellmonk_temple_forest_ring
Bailey:   bailey_polearm_elven_captive_hellmonk, bailey

Skill      XL: |  1  2  3  4  5  6  7  8  9 10 |
---------------+-------------------------------+-----
Fighting       | 4 5 6 7 8 |  8.6
Armour         | 4 6 7 8 10 | 10.8
Shields        | 4 5 6 |  6.7
Long Blades    | 3 4 6 7 9 11 12 | 12.5
Dodging        | 1 2 3 |  3.7
Stealth        | 1 |  1.1
Invocations    | |  0.4

Action                   |  1- 3 |  4- 6 |  7- 9 | 10-12 || total
-------------------------+-------+-------+-------+-------++-------
Melee: Long sword        |   105 |   134 |   224 |       ||   463
       Headbutt          |    15 |    21 |    74 |    39 ||   149
       Falchion          |       |       |    76 |   196 ||   272
Invok: Heroism           |       |       |     3 |     5 ||     8
Evoke: Wand              |       |       |       |     2 ||     2
  Use: Scroll            |     3 |     6 |       |       ||     9
       Potion            |       |     1 |     2 |     2 ||     5
Armor: Scale mail        |    62 |       |       |       ||    62
       Chain mail        |       |    60 |   134 |    56 ||   250
Dodge: Dodged            |    64 |    41 |   101 |    68 ||   274
Block: Buckler           |    31 |    21 |    66 |    60 ||   178
